 Dungeon Crawl Stone Soup version 0.29-a0-284-gf9362112df (webtiles) character file.

Game seed: 10864101207684901004

172 croobank the Skirmisher (level 5, -1/47 HPs)
             Began as a Hill Orc Fighter on Mar 18, 2022.
             Slain by a gnoll
             ... wielding a +0 spear
              (2 damage)
             ... on level 3 of the Dungeon.
             The game lasted 00:07:02 (2495 turns).

croobank the Skirmisher (Hill Orc Fighter)          Turns: 2495, Time: 00:07:02

Health: -1/47      AC:  7    Str: 21    XL:     5   Next: 52%
Magic:  5/5        EV:  9    Int:  8    God:
Gold:   83         SH:  4    Dex: 10    Spells: 4/4 levels left

rFire   . . .      SeeInvis .   a - +0 war axe
rCold   . . .      Faith    .   c - +0 buckler
rNeg    . . .      Spirit   .   m - +0 scale mail
rPois   .          Reflect  .   (no helmet)
rElec   .          Harm     .   (no cloak)
rCorr   .          Rampage  .   (no gloves)
Will    .....                   (no boots)
Stlth   ..........              (no amulet)
HPRegen 0.15/turn               (no ring)
MPRegen 0.09/turn               (no ring)

@: no status effects
A: no striking features
a: no special abilities


You were on level 3 of the Dungeon.
You visited 1 branch of the dungeon, and saw 3 of its levels.

You collected 83 gold pieces.

Inventory:

Hand Weapons
 a - a +0 war axe (weapon)
 b - a +0 hunting sling
 p - a +0 falchion
Missiles
 h - 42 stones (quivered)
Armour
 c - a +0 buckler (worn)
 m - a +0 scale mail (worn)
Jewellery
 s - a ring of flight
Wands
 g - a wand of iceblast (12)
Scrolls
 e - a scroll of fog {unknown}
 k - a scroll of vulnerability {unknown}
 n - 2 scrolls of enchant armour {unknown}
Potions
 d - a potion of might
 f - a potion of brilliance
 i - a potion of degeneration
 j - 2 potions of heal wounds
 l - a potion of magic
 q - a potion of invisibility {unknown}
 r - a potion of flight {unknown}
 t - a potion of ambrosia {unknown}
 u - a potion of attraction {unknown}


   Skills:
 + Level 4.8 Fighting
 + Level 4.3 Axes
 + Level 4.3 Armour
 + Level 4.3 Shields


You had 4 spell levels left.
You didn't know any spells.
Your spell library contained the following spells:

 Spells                   Type           Power      Damage    Failure   Level
 Slow                     Hex            0%         N/A       83%         1
 Confusing Touch          Hex            0%         N/A       99%         3
 Gell's Gravitas          Tloc           0%         N/A       99%         3
 Lesser Beckoning         Tloc           0%         N/A       99%         3
 Teleport Other           Tloc           0%         N/A       99%         3
 Vampiric Draining        Necr           0%         2d6       99%         3


Dungeon Overview and Level Annotations

Branches:
Dungeon (3/15)

Altars:


Message History

You kill the gnoll!
The gnoll hits you with a +0 whip of flaming.
The gnoll burns you. The gnoll barely misses you.
You slash the gnoll!
The gnoll is severely wounded.
The gnoll hits you but does no damage.
The gnoll hits you from afar with a +0 spear.
The gnoll hits you with a +0 whip of flaming.
The gnoll burns you. The gnoll closely misses you.
Unknown command.
You hit the gnoll but do no damage.
The gnoll is severely wounded.
The gnoll hits you with a +0 whip of flaming.
The gnoll burns you. The gnoll barely misses you.
You slash the gnoll!
You kill the gnoll!
The gnoll hits you from afar with a +0 spear.
* * * LOW HITPOINT WARNING * * *
Cleave: a) +0 war axe
Press: ? - help, Dir - move target, f - you
Okay, then.
Aiming: Iceblast
Press: ? - help, Shift-Dir - straight line, f - gnoll
Aim: a gnoll, wielding a +0 spear The mass of ice explodes!
The iceblast engulfs the gnoll!
The gnoll is almost dead.
The gnoll barely misses you. The gnoll hits you with a +0 spear.
* * * LOW HITPOINT WARNING * * *
You barely miss the gnoll.
The gnoll is severely wounded.
The gnoll hits you with a +0 spear.
* * * LOW HITPOINT WARNING * * *
The gnoll barely misses you.
You closely miss the gnoll.
The gnoll is severely wounded.
The gnoll hits you with a +0 spear.
* * * LOW HITPOINT WARNING * * *
The gnoll hits you from afar with a +0 spear.
You die...

#.......# #.......#
..≈≈# #.......# ...≈≈
#.......####### ....≈≈
#..............
≈....≈######.#.######
≈....≈#......#.#
≈.....'.######.#
≈.....))##...#@#######
#.....g....>....
#.##.....###############
#.##...................#
#.##....##############.#
#.##............# #.#
..##....#.....#.# #.#
######.#......#.# #.#
.............#.# #.#


You could see a gnoll.

Vanquished Creatures
  A hound (D:3)
  6 gnolls (D:3)
  4 adders
  A worm (D:2)
  A dart slug (D:1)
  3 bats
  2 endoplasms (D:2)
  5 giant cockroaches
  A hobgoblin (D:2)
  3 jackals (D:2)
  6 kobolds
  2 quokkas (D:2)
  3 ball pythons
  A frilled lizard (D:2)
  7 goblins
  3 rats
49 creatures vanquished.

Vanquished Creatures (others)
  5 plants (D:3)
  5 toadstools (D:1)
10 creatures vanquished.

Grand Total: 59 creatures vanquished

Notes
Turn   | Place    | Note
-------+----------+-------------------------------------------
     0 | D:1      | croobank the Hill Orc Fighter began the quest for the Orb.
     0 | D:1      | Reached XP level 1. HP: 19/19 MP: 1/1
   126 | D:1      | Reached XP level 2. HP: 27/27 MP: 2/2
   757 | D:2      | Reached XP level 3. HP: 27/33 MP: 3/3
  1231 | D:2      | Reached XP level 4. HP: 32/40 MP: 4/4
  2009 | D:3      | Reached XP level 5. HP: 13/47 MP: 5/5
  2494 | D:3      | HP: 1/47 [gnoll/+0 spear (5)]
  2495 | D:3      | Slain by a gnoll

Illustrated notes

Levels and vault maps discovered:
D:1:      ldierk_walled_garden, layout_rooms, nrook_mini_backslash
D:2:      layout_loops_corners
D:3:      layout_basic, shapermc_ecumenical_altar_hornbeckon, serial_shops,
          nicolae_diamond_shop, kennysheep_big_empty_room,
          minmay_misc_feat_columns, uniq_natasha

Skill      XL: |  1  2  3  4 |
---------------+-------------+-----
Axes           | 3 4 |  4.3
Fighting       | 4 |  4.8
Armour         | 4 |  4.3
Shields        | 4 |  4.3

Action                   |  1- 3 |  4- 6 || total
-------------------------+-------+-------++-------
Melee: War axe           |    82 |    68 ||   150
Evoke: Wand              |       |     2 ||     2
  Use: Scroll            |     2 |     2 ||     4
Armor: Scale mail        |    57 |    37 ||    94
Dodge: Dodged            |    50 |    38 ||    88
Block: Buckler           |    13 |    18 ||    31

Table legend: (Time is in decaauts)
 A = Elapsed time spent in this place.
 B = Non-inter-level travel time spent in this place.
 C = Inter-level travel time spent in this place.
 D = Time resting spent in this place.
 E = Time spent auto-exploring this place.
 F = Levels seen in this place.
 G = Mean time per level.
                   A        B        C        D        E       F      G
               +--------+--------+--------+--------+--------+-----+--------+
         Total |   2552 |   2519 |     33 |    283 |   1704 |   3 |  850.7 |
       Dungeon |   2552 |   2519 |     33 |    283 |   1704 |   3 |  850.7 |
               +--------+--------+--------+--------+--------+-----+--------+

Top non-repeatable levels by time:
     D:2: 1267 daAuts
     D:3: 741 daAuts
     D:1: 543 daAuts
